 Dungeon Crawl Stone Soup version 0.23.2-1-ga50397a (webtiles) character file.

Game seed: 13746089314805642389

107840 Borgoz the Fencer (level 16, -13/149 HPs)
             Began as a Minotaur Monk on May 25, 2019.
             Was the Champion of Ashenzari.
             Mangled by an orc knight
             ... wielding a +3 battleaxe
              (41 damage)
             ... on level 2 of the Orcish Mines.
             The game lasted 01:08:33 (28049 turns).

Borgoz the Fencer (Minotaur Monk)                  Turns: 28049, Time: 01:08:34

Health: -13/149    AC: 21    Str: 24    XL:     16   Next: 1%
Magic:  18/18      EV: 15    Int: 10    God:    Ashenzari [******]
Gold:   2888       SH:  0    Dex: 14    Spells: 10/19 levels left

rFire    + + .     SeeInvis +   a - +7 triple sword (slice) (curse)
rCold    + . .     Gourm    .   (shield currently unavailable)
rNeg     . . .     Faith    +   A - +2 plate armour {rF+}
rPois    +         Spirit   .   w - +1 hat {Int+3}
rElec    +         Reflect  .   J - scarf {repulsion}
rCorr    .         Harm     .   M - +0 pair of gloves (curse)
MR       +....     Clarity  +   y - +2 pair of boots (curse)
Stlth    ..........             p - amulet of the Tempest {Faith rElec rPois Str+2} (curse)
HPRegen  0.34/turn              j - ring of protection from fire
MPRegen  0.16/turn              i - ring of protection from cold

@: corroded, repel missiles
A: retaliatory headbutt, horns 2
a: Curse Item, Scrying, Transfer Knowledge, Renounce Religion


You were on level 2 of the Orcish Mines.
You worshipped Ashenzari.
Ashenzari was exalted by your worship.
You were not hungry.

You visited 4 branches of the dungeon, and saw 24 of its levels.
You also visited: Sewer, Ossuary and Volcano.

You collected 2888 gold pieces.

Inventory:

Hand Weapons
 a - a cursed +7 triple sword of slicing (weapon)
 b - a +2 scimitar of flaming
Missiles
 l - a throwing net (quivered)
Armour
 h - a +2 scale mail of magic resistance
 m - a +1 plate armour of poison resistance
 t - a +4 chain mail of fire resistance
 w - a +1 hat of intelligence (worn)
 y - a cursed +2 pair of boots (worn)
 A - a +2 plate armour of fire resistance (worn)
 J - a scarf of repulsion (worn)
 M - a cursed +0 pair of gloves (worn)
 V - +0 ice dragon scales
Jewellery
 d - an uncursed ring of resist corrosion
 i - a ring of protection from cold (right hand)
 j - a ring of protection from fire (left hand)
 n - an uncursed ring of flight
 p - the cursed amulet of the Tempest (around neck) {Faith rElec rPois Str+2}
   (You found it in a sewer)

   [amulet of faith]

   It allows you to gain divine favour quickly.
   It affects your strength (+2).
   It insulates you from electricity.
   It protects you from poison.
   It has a curse placed upon it.
 s - an uncursed amulet of harm
 R - an uncursed ring of ice
 T - an uncursed ring of protection from fire
Wands
 e - a wand of flame (47)
 q - a wand of random effects (12)
 z - a wand of digging (9)
 K - a wand of clouds (5)
 L - a wand of iceblast (24)
Scrolls
 f - 12 scrolls of teleportation
 k - a scroll of summoning
 o - a scroll of fog
 B - 4 scrolls of magic mapping
 D - 2 scrolls of silence
 E - 2 scrolls of blinking
 F - 4 scrolls of identify
 O - 4 scrolls of remove curse
Potions
 r - 6 potions of resistance
 v - 3 potions of flight
 x - 5 potions of curing
 C - 4 potions of cancellation
 I - 2 potions of might
 P - a potion of ambrosia
 S - 2 potions of agility
Comestibles
 c - 47 rations


   Skills:
 + Level 15.3 Fighting
 * Level 20.2(24.9) Long Blades
 + Level 14.9 Armour
 + Level 14.1 Dodging
 - Level 1.5 Stealth
 - Level 2.0 Spellcasting
 + Level 2.9 Hexes


You had 10 spell levels left.
You knew the following spells:

 Your Spells              Type           Power        Failure   Level  Hunger
a - Confuse               Hex            #.......     92%         3    ####...
b - Mephitic Cloud        Conj/Pois/Air  #.......     100%        3    ####...
c - Blink                 Tloc           N/A          98%         2    ###....
d - Confusing Touch       Hex            #.....       58%         1    ##.....

Your spell library contained the following spells:

 Spells                   Type           Power        Failure   Level  Hunger
 Corona                   Hex            #......      58%         1    ##.....
 Slow                     Hex            #.......     75%         2    ###....
 Ensorcelled Hibernation  Hex/Ice        #.....       90%         2    ###....
 Tukima's Dance           Hex            #.......     92%         3    ####...
 Animate Skeleton         Necr           N/A          94%         1    ##.....
 Apportation              Tloc           #.....       94%         1    ##.....
 Flame Tongue             Conj/Fire      #....        94%         1    ##.....
 Freeze                   Ice            #...         94%         1    ##.....
 Magic Dart               Conj           #...         94%         1    ##.....
 Pain                     Necr           #...         94%         1    ##.....
 Sting                    Conj/Pois      #...         94%         1    ##.....
 Summon Butterflies       Summ           #.......     94%         1    ##.....
 Summon Small Mammal      Summ           #...         94%         1    ##.....
 Call Imp                 Summ           #.......     98%         2    ###....
 Poisonous Vapours        Pois/Air       #.....       98%         2    ###....
 Throw Flame              Conj/Fire      #.....       98%         2    ###....
 Throw Frost              Conj/Ice       #.....       98%         2    ###....
 Dazzling Spray           Conj/Hex       #.....       99%         3    ####...
 Inner Flame              Hex/Fire       #.......     99%         3    ####...
 Spectral Weapon          Hex/Chrm       #.......     99%         3    ####...
 Conjure Flame            Conj/Fire      #.......     100%        3    ####...
 Lesser Beckoning         Tloc           #.........   100%        3    ####...
 Ozocubu's Armour         Chrm/Ice       #.......     100%        3    ####...
 Regeneration             Chrm/Necr      #.........   100%        3    ####...
 Vampiric Draining        Necr           #.........   100%        3    ####...
 Animate Dead             Necr           N/A          100%        4    #####..
 Olgreb's Toxic Radiance  Pois           #.......     100%        4    #####..
 Sticky Flame             Conj/Fire      #.......     100%        4    #####..
 Summon Ice Beast         Ice/Summ       #.......     100%        4    #####..
 Throw Icicle             Conj/Ice       #.......     100%        4    #####..
 Alistair's Intoxication  Tmut/Pois      #.......     100%        5    ######.
 Bolt of Magma            Conj/Fire/Erth #.........   100%        5    ######.
 Fireball                 Conj/Fire      #.........   100%        5    ######.
 Iskenderun's Battlesphe  Conj/Chrm      #.......     100%        5    ######.
 Venom Bolt               Conj/Pois      #.........   100%        5    ######.
 Invisibility             Hex            #.......     100%        6    #######
 Iron Shot                Conj/Erth      #.........   100%        6    #######
 Orb of Destruction       Conj           #.........   100%        7    #######
 Spellforged Servitor     Conj/Summ      #.........   100%        7    #######
 Discord                  Hex            #.........   100%        8    #######


Dungeon Overview and Level Annotations

Branches:
Dungeon (15/15)            Temple (1/1) D:6            Lair (6/6) D:10
  Swamp (0/4) Lair:3        Snake (0/4) Lair:4        Slime (0/5) Lair:6
    Orc (2/2) D:10            Elf (0/3) Orc:2        Vaults (0/5) D:13
 Depths (0/5) D:15

Altars:
Ashenzari
Cheibriados
Dithmenos
Elyvilon
Fedhas
Gozag
Hepliaklqana
Kikubaaqudgha
Makhleb
Nemelex Xobeh
Okawaru
Qazlal
Ru
Sif Muna
Trog
Uskayaw
Vehumet
Wu Jian
Xom
Yredelemnul
Zin
The Shining One

Shops:
D:6 (


Innate Abilities, Weirdness & Mutations

You reflexively headbutt those who attack you in melee.
You have a pair of horns on your head.


Message History

You hit the orc knight but do no damage.
The orc knight is lightly wounded.
You slash the orc knight!
The orc knight is moderately wounded.
The orc knight hits you with a +0 glaive!!
* * * LOW HITPOINT WARNING * * *
You slice the orc knight!!
You headbutt the orc knight, but do no damage.
The orc knight is severely wounded.
The orc knight hits you but does no damage.
You slice the orc knight!!
You kill the orc knight!
The orc knight hits you with a +0 glaive!
* * * LOW HITPOINT WARNING * * *
Okay, then.
Okay, then.
Things that are here:
a +0 trident; an orc corpse The orc knight hits you with a +3 battleaxe!!!
You die...

,
........)).))))..............#
........))##)))...............
**
..........(###................
*
#............##.........##.##.
##........).).##........##.###
#....#####..)..##......#....#.
##.#.* #*###....#.............
### ###. *##)..###..#.#......
* ..÷.÷,##@..# ###...##.... ∩
÷...÷.#o)[## ##........ *
,{.÷..÷.)o..# #......... *
,{,..○....).## ##........ * ,
÷.......## ####....... * {
........# #.#........ *
......### ##......#...
***....÷#* ##.......##.)
#####* #........####


You could see 2 orc knights.

Vanquished Creatures
  3 orc warlords
  Nessos (D:15)
  Snorg (Lair:4)
  The ghost of Jaiteiro the Nimble, a journeyman GnEn of Dithmenos (Orc:1)
  An ettin (Orc:2)
  A fire dragon (Lair:6)
  Harold (Orc:1)
  Josephine (Orc:1)
  7 hydras
  Fannar (Orc:1)
  2 ice dragons (D:15)
  4 vault guards (D:13)
  A catoblepas (D:14)
  Erica (D:10)
  5 two-headed ogres
  A death knight (D:13)
  5 centaur warriors
  4 tengu warriors
  3 orc high priests (Orc:2)
  Sonja (Lair:5)
  8 skeletal warriors
  A hell knight (Volcano)
  2 unseen horrors
  A swamp dragon (Lair:6)
  A wizard (D:15)
  3 orc knights
  The ghost of bmj180 the Cleaver, a novice HOFi of Beogh (D:9)
  A phantasmal warrior (D:13)
  Pikel (D:6)
  A deep elf mage (D:14)
  A lindwurm (Lair:6)
  An oklob plant (Lair:6)
  6 orc sorcerers
  6 ugly things
  6 elephants (Lair:5)
  3 black mambas
  2 moths of wrath (Orc:1)
  Joseph (D:10)
  Maurice (D:11)
  12 spiny frogs
  A gargoyle (D:13)
  2 kobold demonologists (D:11)
  6 komodo dragons
  A freezing wraith (D:13)
  5 rime drakes
  3 yaktaurs (Volcano)
  A yaktaur (shapeshifter) (D:14)
  A redback zombie (D:15)
  A harpy zombie (D:14)
  2 tengu conjurers
  10 trolls
  9 polar bears (Lair:6)
  A hornet (D:9)
  2 tyrant leeches (Lair:3)
  10 dream sheep (Lair:6)
  8 blink frogs
  7 hippogriffs
  A meliai zombie (D:12)
  8 slime creatures
  2 shadows
  A vampire (D:12)
  7 wyverns
  8 redbacks (D:15)
  7 wraiths
  A spriggan (D:7)
  A yak (shapeshifter) (D:15)
  Eustachio (D:4)
  25 yaks
  6 basilisks
  3 hungry ghosts
  3 steam dragons
  3 vampire mosquitoes (D:13)
  16 wargs
  2 acid dragons
  17 hell hounds (Lair:6)
  4 porcupines
  10 water moccasins
  4 sky beasts
  36 orc warriors
  2 swamp drakes (Lair:6)
  4 slaves (D:6)
  3 phantoms
  6 ice beasts
  An eye of draining (D:14)
  An eye of draining (shapeshifter) (D:15)
  3 necrophages
  11 black bears (Lair:6)
  13 ogres
  5 boggarts (D:15)
  33 wolves
  18 centaurs
  14 crocodiles
  3 big kobolds
  2 elf zombies (Ossuary)
  16 bullfrogs
  A wyvern zombie (D:9)
  4 scorpions
  5 killer bees (D:7)
  2 electric eels (Lair:4)
  2 howler monkeys
  6 crimson imps
  6 centaur zombies
  A human zombie (Ossuary)
  A quasit (D:12)
  A bullfrog zombie (D:9)
  4 hounds
  3 jellies
  21 orc priests
  3 bullfrog skeletons
  5 centaur skeletons
  Jessica (D:2)
  10 iguanas
  31 orc wizards
  10 worker ants
  3 big kobold zombies (Ossuary)
  3 hound zombies
  A hound skeleton (D:11)
  4 mummies
  A worker ant zombie (D:10)
  A howler monkey zombie (D:9)
  7 adders
  11 gnolls
  2 river rats (D:3)
  2 shadow imps
  5 adder zombies (Ossuary)
  3 adder skeletons
  3 worms
  A dart slug (D:3)
  9 leopard geckos
  100 orcs
  10 bats
  7 giant cockroaches
  A gnoll zombie (Ossuary)
  6 hobgoblins
  8 jackals
  8 quokkas
  9 ball pythons
  7 frilled lizards
  4 goblins
  6 goblin zombies (Ossuary)
  2 hobgoblin zombies (Ossuary)
  A jackal zombie (Ossuary)
  20 kobolds
  2 kobold zombies (Ossuary)
  An orc zombie (Ossuary)
  A quokka skeleton (D:5)
  2 quokka zombies (Ossuary)
  10 rats
  6 rat zombies (Ossuary)
  A plant (Lair:6)
860 creatures vanquished.

Vanquished Creatures (others)
  An orc wizard (D:10)
  2 kobolds (D:12)
  A fungus (Lair:3)
  9 plants
13 creatures vanquished.

Grand Total: 873 creatures vanquished

Notes
Turn   | Place    | Note
-------+----------+-------------------------------------------
     0 | D:1      | Borgoz the Minotaur Monk began the quest for the Orb.
     0 | D:1      | Reached XP level 1. HP: 19/19 MP: 0/0
   371 | D:1      | Reached XP level 2. HP: 26/27 MP: 1/1
   418 | D:1      | Reached skill level 4 in Long Blades
   796 | D:2      | Reached skill level 1 in Armour
   800 | D:2      | Reached XP level 3. HP: 26/33 MP: 2/2
   978 | D:2      | Noticed Jessica
   980 | D:2      | Found a sparkling altar of Nemelex Xobeh.
   986 | D:2      | Killed Jessica
  1187 | D:2      | Found a sacrificial altar of Ru.
  1362 | D:2      | Reached XP level 4. HP: 29/40 MP: 3/3
  1889 | D:3      | Found a glowing drain.
  1891 | D:3      | Reached skill level 5 in Long Blades
  1911 | Sewer    | Entered a sewer
  2004 | Sewer    | Reached XP level 5. HP: 45/47 MP: 4/4
  2237 | Sewer    | Got a scorched sapphire amulet
  2246 | Sewer    | Identified the amulet of the Tempest {Faith rElec rPois
                  | Str+2} (You found it in a sewer)
  2646 | D:3      | Found an ancient bone altar of Kikubaaqudgha.
  2735 | D:3      | Found an iron altar of Okawaru.
  2887 | D:3      | Found a glowing silver altar of Zin.
  3283 | D:4      | Found a glowing golden altar of the Shining One.
  3336 | D:4      | Reached XP level 6. HP: 43/55 MP: 5/5
  3445 | D:4      | Reached skill level 5 in Fighting
  3763 | D:4      | Reached skill level 6 in Long Blades
  4296 | D:4      | Reached XP level 7. HP: 30/61 MP: 6/6
  4558 | D:4      | Found a shadowy altar of Dithmenos.
  4903 | D:4      | Reached skill level 5 in Dodging
  4960 | D:4      | Noticed Eustachio
  4974 | D:4      | Killed Eustachio
  4974 | D:4      | Reached skill level 7 in Long Blades
  5170 | D:5      | Entered Level 5 of the Dungeon
  5205 | D:5      | Got a pitted scale mail
  5325 | D:5      | Identified the +3 scale mail of the Sailor {Int+2} (You
                  | found it on level 5 of the Dungeon)
  5328 | D:5      | Found a snail-covered altar of Cheibriados.
  5578 | D:5      | Reached XP level 8. HP: 66/70 MP: 7/7
  5955 | D:6      | Reached skill level 8 in Long Blades
  6025 | D:6      | Reached skill level 5 in Armour
  6031 | D:6      | Found a staircase to the Ecumenical Temple.
  6040 | D:6      | Found Zyffith's Weapon Shoppe.
  6067 | Temple   | Entered the Ecumenical Temple
  6071 | Temple   | Became a worshipper of Ashenzari the Shackled
  6071 | Temple   | Reached * piety under Ashenzari
  6071 | Temple   | Reached ** piety under Ashenzari
  6550 | D:6      | Noticed Pikel
  6592 | D:6      | Reached skill level 12 in Long Blades
  6592 | D:6      | Reached XP level 9. HP: 76/83 MP: 8/8
  6605 | D:6      | Killed Pikel
  7406 | D:7      | Reached XP level 10. HP: 64/92 MP: 9/9
  7751 | D:8      | Noticed a two-headed ogre
  7755 | D:8      | Found a sand-covered staircase.
  7764 | Ossuary  | Entered an ossuary
  8226 | D:8      | Killed a two-headed ogre
  8226 | D:8      | Reached skill level 10 in Fighting
  8226 | D:8      | Reached skill level 13 in Long Blades
  8816 | D:9      | Noticed a two-headed ogre
  9288 | D:9      | Killed a two-headed ogre
  9621 | D:10     | Entered Level 10 of the Dungeon
  9635 | D:10     | Found a shadowy altar of Dithmenos.
  9665 | D:10     | Reached XP level 11. HP: 47/101 MP: 10/10
  9935 | D:10     | Reached *** piety under Ashenzari
  9952 | D:10     | Found a staircase to the Orcish Mines.
 10304 | D:10     | Noticed an unseen horror
 10321 | D:10     | Killed an unseen horror
 10345 | D:10     | Noticed Joseph
 10363 | D:10     | Killed Joseph
 10363 | D:10     | Reached skill level 14 in Long Blades
 10363 | D:10     | Reached skill level 10 in Armour
 10631 | D:10     | Noticed Erica
 10641 | D:10     | Killed Erica
 10688 | D:10     | Found a staircase to the Lair.
 10718 | D:11     | Noticed Maurice
 10718 | D:11     | Noticed an eight-headed hydra
 10718 | D:11     | Noticed a four-headed hydra
 10723 | D:11     | Killed a two-headed hydra
 10723 | D:11     | Reached skill level 10 in Dodging
 10729 | D:10     | Killed a six-headed hydra
 10756 | D:11     | Killed Maurice
 10770 | D:11     | Got the cursed long sword "Muixa" {drain, rF+}
 10782 | D:11     | Identified the cursed +1 long sword "Muixa" {drain, rF+}
                  | (You found it on level 11 of the Dungeon)
 11741 | D:12     | Noticed a purple ugly thing
 11750 | D:12     | Killed a purple ugly thing
 11750 | D:12     | Reached skill level 15 in Long Blades
 11759 | D:12     | Reached XP level 12. HP: 101/110 MP: 11/11
 12020 | D:9      | Found a runed translucent gate.
 12020 | D:9      | Found a runed translucent gate.
 12020 | D:9      | Found a runed translucent gate.
 12023 | D:9      | Noticed bmj180's ghost (novice HOFi)
 12024 | D:9      | Identified the +4 war axe of Sautheoc {venom, rElec Str+3}
 12025 | D:9      | Noticed a ten-headed hydra
 12288 | D:9      | Reached **** piety under Ashenzari
 12500 | D:3      | Found an ornate altar of the Wu Jian Council.
 12500 | D:3      | Found a stormy altar of Qazlal.
 12698 | Lair:1   | Entered Level 1 of the Lair of Beasts
 12834 | Lair:1   | Found a dark tunnel.
 12839 | Volcano  | Entered a volcano
 12865 | Volcano  | Noticed a centaur warrior
 13166 | Volcano  | Killed a centaur warrior
 13243 | Volcano  | Found a radiant altar of Vehumet.
 13928 | Lair:1   | Learned a level 3 spell: Confuse
 13932 | Lair:1   | Learned a level 3 spell: Mephitic Cloud
 14515 | Lair:2   | Noticed a six-headed hydra
 14529 | Lair:2   | Killed a six-headed hydra
 14738 | Lair:2   | Reached skill level 16 in Long Blades
 14819 | Lair:2   | Reached ***** piety under Ashenzari
 15229 | Lair:3   | Found a staircase to the Swamp.
 15257 | Lair:3   | Noticed an eight-headed hydra
 15265 | Lair:3   | Killed an eight-headed hydra
 16088 | Lair:3   | Noticed a six-headed hydra
 16095 | Lair:3   | Killed a six-headed hydra
 16177 | Lair:3   | Reached XP level 13. HP: 111/119 MP: 12/12
 16274 | Lair:3   | Got the cursed chain mail of Dellod {Str+4}
 16841 | Lair:4   | Learned a level 2 spell: Blink
 16938 | Lair:4   | Found a staircase to the Snake Pit.
 17332 | Lair:5   | Noticed Snorg
 17344 | Lair:4   | Killed Snorg
 17552 | Lair:5   | Noticed Sonja
 17608 | Lair:5   | Killed Sonja
 18193 | Lair:5   | Reached skill level 17 in Long Blades
 18403 | Lair:6   | Entered Level 6 of the Lair of Beasts
 19709 | Lair:6   | Identified the cursed +0 chain mail of Dellod {Str+4} (You
                  | found it on level 3 of the Lair of Beasts)
 19744 | Lair:6   | Reached XP level 14. HP: 129/129 MP: 13/13
 20029 | Lair:6   | Reached skill level 18 in Long Blades
 20236 | Lair:6   | Found a staircase to the Slime Pits.
 21380 | D:9      | Killed bmj180's ghost
 22647 | D:13     | Found a gate to the Vaults.
 22717 | D:13     | Reached skill level 19 in Long Blades
 23074 | D:14     | Reached ****** piety under Ashenzari
 23554 | D:14     | Reached XP level 15. HP: 139/139 MP: 14/14
 23678 | D:14     | Found a shimmering altar of Xom.
 23751 | D:14     | Identified Fipuwudu's Guide on Igneous Curses
 23756 | D:14     | Learned a level 1 spell: Confusing Touch
 24188 | D:15     | Entered Level 15 of the Dungeon
 24234 | D:15     | Reached skill level 1 in Hexes
 24414 | D:15     | Reached skill level 1 in Spellcasting
 24621 | D:15     | Noticed Nessos
 24633 | D:15     | Killed Nessos
 25091 | D:15     | Identified a scroll of acquirement
 25223 | D:15     | Found a staircase to the Depths.
 25742 | Orc:1    | Entered Level 1 of the Orcish Mines
 25742 | Orc:1    | Noticed Harold
 25746 | Orc:1    | Killed Harold
 25764 | Orc:1    | Found a transporter.
 25913 | Orc:1    | Found a transporter.
 25915 | Orc:1    | Noticed Jaiteiro's ghost (journeyman GnEn)
 25962 | Orc:1    | Killed Jaiteiro's ghost
 26196 | Orc:1    | Noticed an orc warlord
 26200 | Orc:1    | Noticed Fannar
 26272 | D:10     | Killed an orc warlord
 26272 | D:10     | Reached skill level 15 in Fighting
 26590 | Orc:1    | Killed Fannar
 26607 | Orc:1    | Noticed Josephine
 26612 | Orc:1    | Killed Josephine
 26870 | Orc:2    | Entered Level 2 of the Orcish Mines
 26973 | Orc:2    | Noticed an orc warlord
 26983 | Orc:2    | Killed an orc warlord
 26983 | Orc:2    | Reached skill level 20 in Long Blades
 27076 | Orc:2    | Noticed an orc warlord
 27538 | Orc:2    | Killed an orc warlord
 27570 | Orc:2    | Found a staircase to the Elven Halls.
 27774 | Orc:2    | Paralysed by an orc sorcerer for 3 turns
 28044 | Orc:2    | Reached XP level 16. HP: 67/149 MP: 18/18
 28049 | Orc:2    | Mangled by an orc knight

Skill      XL: |  1  2  3  4  5  6  7  8  9 10 11 12 13 14 15 |
---------------+----------------------------------------------+-----
Long Blades    | 4 5 6 7 12 13 15 16 17 19 20 | 20.2
Armour         | 1 2 3 4 8 9 10 11 12 14 | 14.9
Fighting       | 4 5 6 9 10 11 12 13 14 15 | 15.3
Dodging        | 4 5 8 9 10 11 12 13 14 | 14.1
Hexes          | 2 |  2.9
Spellcasting   | 2 |  2.0
Stealth        | |  1.5

Action                   |  1- 3 |  4- 6 |  7- 9 | 10-12 | 13-15 | 16-18 || total
-------------------------+-------+-------+-------+-------+-------+-------++-------
Melee: Falchion          |    39 |   173 |    35 |       |       |       ||   247
       Headbutt          |     4 |    30 |    37 |   212 |   342 |     1 ||   626
       Long sword        |       |       |   158 |   680 |    15 |       ||   853
       Scimitar          |       |       |       |    20 |   180 |       ||   200
       Great sword       |       |       |       |       |   808 |       ||   808
       Triple sword      |       |       |       |       |   280 |     3 ||   283
Invok: Curse Item        |       |       |       |     4 |       |       ||     4
Evoke: Wand              |       |       |       |    28 |     3 |       ||    31
  Use: Scroll            |       |     6 |    10 |    10 |    13 |       ||    39
       Potion            |       |     4 |     2 |    10 |     7 |       ||    23
 Stab: Sleeping          |     3 |     4 |       |     1 |       |       ||     8
       Confused          |       |       |       |       |     1 |       ||     1
  Eat: Chunk             |     1 |    10 |    10 |    29 |    38 |       ||    88
       Ration            |       |       |       |       |     1 |       ||     1
Armor: Robe              |     7 |    19 |       |       |       |       ||    26
       Scale mail        |       |       |    63 |   154 |       |       ||   217
       Ring mail         |       |       |     6 |    54 |       |       ||    60
       Plate armour      |       |       |       |       |   804 |     1 ||   805
       Skin              |       |       |       |       |    17 |       ||    17
Dodge: Dodged            |    27 |   147 |   130 |   569 |   928 |     1 ||  1802
       Deflected         |       |       |       |       |    38 |       ||    38
       Rpst.: Falchion   |     8 |    40 |     4 |       |       |       ||    52
       Long sword        |       |       |    29 |   130 |     4 |       ||   163
       Scimitar          |       |       |       |     6 |    22 |       ||    28
       Great sword       |       |       |       |       |   151 |       ||   151
       Triple sword      |       |       |       |       |    48 |     1 ||    49
